 Dungeon Crawl Stone Soup version 0.24-a0-581-gc0fa660 (webtiles) character file.

Game seed: 2083032771810168030

31 KarmaPolice the Sneak (level 3, -1/24 HPs)
             Began as a Vampire Enchanter on Aug 25, 2019.
             Slain by a goblin (3 damage)
             ... on level 2 of the Dungeon.
             The game lasted 00:02:59 (699 turns).

KarmaPolice the Sneak (Vampire Enchanter)            Turns: 699, Time: 00:02:59

Health: -1/24      AC:  4    Str:  8    XL:     3   Next: 7%
Magic:  3/6        EV: 12    Int: 17    God:
Gold:   10         SH:  0    Dex: 14    Spells: 3/6 levels left

rFire    . . .     SeeInvis +   a - +1 dagger
rCold    . . .     Gourm    .   (no shield)
rNeg     . . .     Faith    .   b - +0 robe
rPois    .         Spirit   .   (no helmet)
rElec    .         Reflect  .   (no cloak)
rCorr    .         Harm     .   e - +0 pair of gloves
MR       .....                  c - +0 pair of boots (curse)
Stlth    +++.......             (no amulet)
HPRegen  0.28/turn              (no ring)
MPRegen  0.10/turn              (no ring)

@: regenerating quickly
A: no food, fangs 3, see invisible, unbreathing
a: Exsanguinate


You were on level 2 of the Dungeon.
You were alive.

You visited 1 branch of the dungeon, and saw 2 of its levels.

You collected 10 gold pieces.

Inventory:

Hand Weapons
 a - a +1 dagger (weapon)
Armour
 b - a +0 robe (worn)
 c - a cursed +0 pair of boots (worn)
 e - a +0 pair of gloves (worn)
Jewellery
 d - an uncursed ring of protection from fire {unknown}
Scrolls
 f - 3 scrolls of remove curse {unknown}
 i - a scroll of identify {unknown}
 j - a scroll of random uselessness {unknown}
Potions
 g - 3 potions of mutation {unknown}
 h - a potion of might {unknown}


   Skills:
 + Level 1.9 Short Blades
 - Level 2.1 Dodging
 + Level 5.0 Stealth
 + Level 2.3 Spellcasting
 + Level 4.9 Hexes


You had 3 spell levels left.
You knew the following spells:

 Your Spells              Type           Power        Failure   Level  Hunger
a - Corona                Hex            ###....      2%          1    N/A
b - Ensorcelled Hibernat  Hex/Ice        ##....       11%         2    N/A

Your spell library contained the following spells:

 Spells                   Type           Power        Failure   Level  Hunger
 Confuse                  Hex            ###.....     8%          3    N/A
 Tukima's Dance           Hex            ###.....     8%          3    N/A
 Dazzling Spray           Conj/Hex       ##....       21%         3    N/A

Dungeon Overview and Level Annotations

Branches:
Dungeon (2/15)

Altars:


Innate Abilities, Weirdness & Mutations

You do not eat.
Your natural rate of healing is unusually fast.
You have razor-sharp teeth.
You have supernaturally acute eyesight. (SInv)
You can survive without breathing.


Message History

The goblin hits you but does no damage. The kobold closely misses you.
You hit the kobold but do no damage.
The kobold is severely wounded.
The goblin barely misses you.
The kobold hits you with a +0 short sword of electrocution.
You are electrocuted!!
Ouch! That really hurt!
* * * LOW HITPOINT WARNING * * *
Casting: Corona (safe; 2% risk of failure)
Confirm with . or Enter, or press ? or * to list all spells.
Aiming: Ensorcelled Hibernation (safe; 11% risk of failure)
Press: ? - help, Shift-Dir - straight line, f - kobold
Aim: a kobold, wielding a +0 short sword of electrocution (severely wounded, chance to defeat MR: 59%)
The kobold looks drowsy...
The goblin closely misses you.
The helpless kobold fails to defend itself.
You impale the kobold!!
You kill the kobold!
A jackal comes into view.
The goblin hits you.
You die...

... #..
#.. #..
#..####.#
#...h...#
#.(<#
#.).#
#.#@#
#.#g# #
... ##.##
#># ...
... ...


You could see a jackal (wandering) and a goblin.

Vanquished Creatures
  3 dart slugs (D:1)
  A leopard gecko (D:2)
  A giant cockroach (D:1)
  6 goblins (D:1)
  A ball python (D:1)
  6 bats (D:1)
  2 frilled lizards (D:1)
  2 kobolds (D:2)
  4 rats (D:1)
26 creatures vanquished.

Notes
Turn   | Place    | Note
-------+----------+-------------------------------------------
     0 | D:1      | KarmaPolice the Vampire Enchanter began the quest for the
                  | Orb.
     0 | D:1      | Reached XP level 1. HP: 13/13 MP: 3/3
    71 | D:1      | Reached XP level 2. HP: 19/19 MP: 5/5
   253 | D:1      | Learned a level 2 spell: Ensorcelled Hibernation
   690 | D:2      | Reached skill level 5 in Stealth
   690 | D:2      | Reached XP level 3. HP: 24/24 MP: 6/6
   699 | D:2      | Slain by a goblin

Levels and vault maps discovered:
D:1:      minmay_arrival_cross, layout_loops_ring
D:2:      layout_loops_ring

Skill      XL: |  1  2 |
---------------+-------+-----
Stealth        | 5 |  5.0
Short Blades   | |  1.9
Dodging        | |  2.1
Spellcasting   | |  2.3
Hexes          | |  4.9

Action                   || total
-------------------------++-------
Melee: Dagger            ||    66
       Bite              ||     4
 Cast: Corona            ||     4
       Ensorcelled Hiber ||     1
 Stab: Sleeping          ||    10
Armor: Robe              ||    21
Dodge: Dodged            ||    35

Table legend:
 A = Non-vault XP
 B = Vault XP
 C = Vault XP percentage of total XP
 D = Non-vault monster count
 E = Vault monster count
 F = Vault count percentage of total count
                 A         B        C        D         E       F
            +---------+---------+-------+---------+---------+-------
      Total |      45 |       0 |   0.0 |      26 |       0 |   0.0
            +---------+---------+-------+---------+---------+-------
        D:1 |      40 |       0 |   0.0 |      23 |       0 |   0.0
        D:2 |       5 |       0 |   0.0 |       3 |       0 |   0.0
            +---------+---------+-------+---------+---------+-------
